 Dungeon Crawl Stone Soup version 0.23.0 (webtiles) character file.

Game seed: 6875721460526905913

414 MikeRotch the Shield-Bearer (level 6, -8/39 HPs)
             Began as a Gargoyle Fighter on Feb 17, 2019.
             Was an Initiate of Trog.
             Mangled by a gnoll
             ... wielding a +4 vampiric halberd
              (14 damage)
             ... on level 4 of the Dungeon.
             The game lasted 01:06:36 (6344 turns).

MikeRotch the Shield-Bearer (Gargoyle Fighter)      Turns: 6344, Time: 01:06:37

Health: -8/39      AC: 11    Str: 22    XL:     6   Next: 91%
Magic:  6/6        EV:  8    Int:  8    God:    Trog [......]
Gold:   178        SH:  9    Dex:  9    Spells: 5/5 levels left

rFire    . . .     SeeInvis .   a - +0 flail
rCold    . . .     Gourm    .   c - +0 shield
rNeg     + . .     Faith    .   G - +0 scale mail (curse)
rPois    ∞         Spirit   .   (no helmet)
rElec    +         Reflect  .   (no cloak)
rCorr    .         Harm     .   (no gloves)
MR       .....                  (no boots)
Stlth    ..........             (no amulet)
HPRegen  0.13/turn              (no ring)
MPRegen  0.10/turn              (no ring)

@: no status effects
A: negative energy resistance 1, electricity resistance, unbreathing,
petrification resistance, rot immunity, AC +4
a: Renounce Religion


You were on level 4 of the Dungeon.
You worshipped Trog.
Trog was noncommittal.
You were not hungry.

You visited 1 branch of the dungeon, and saw 4 of its levels.

You collected 178 gold pieces.

Inventory:

Hand Weapons
 a - a +0 flail (weapon)
 M - a +0 mace
Missiles
 g - 74 stones (quivered)
 h - 29 arrows
 s - 32 bolts
 t - 49 sling bullets
 B - 2 throwing nets
Armour
 b - a +0 scale mail
 c - a +0 shield (worn)
 i - a +0 leather armour
 n - a +0 ring mail
 o - a +0 ring mail
 C - a +0 ring mail
 G - a cursed +0 scale mail (worn)
Jewellery
 A - a +2 ring of strength {unknown}
 N - an uncursed ring of see invisible {unknown}
Wands
 w - a wand of random effects (13)
Scrolls
 e - 2 scrolls of teleportation
 j - a scroll of random uselessness {unknown}
 l - a scroll of amnesia {unknown}
 q - a scroll of remove curse {unknown}
 z - a scroll of identify
 E - a scroll of blinking {unknown}
 L - a scroll of enchant armour {unknown}
 V - a scroll of magic mapping {unknown}
Potions
 d - a potion of might
 m - a potion of ambrosia {unknown}
 p - 2 potions of haste {unknown}
 D - a potion of flight {unknown}
 F - a potion of curing {unknown}
 I - 3 potions of lignification {unknown}
 J - a potion of heal wounds {unknown}
Comestibles
 f - 3 rations
 k - 3 chunks of flesh


   Skills:
 + Level 4.4 Fighting
 + Level 4.4 Maces & Flails
 + Level 4.3 Armour
 + Level 1.6 Dodging
 + Level 0.6 Stealth
 + Level 4.8 Shields


You had 5 spell levels left.
You didn't know any spells.
Your spell library contained the following spells:

 Spells                   Type           Power        Failure   Level  Hunger
 Sandblast                Erth           #.....       99%         1    ##.....
 Passwall                 Tmut/Erth      #.......     99%         2    ###....
 Stone Arrow              Conj/Erth      #.....       100%        3    ####...
 Petrify                  Tmut/Erth      #.......     100%        4    #####..
 Lee's Rapid Deconstruct  Erth           #.........   100%        5    ######.


Dungeon Overview and Level Annotations

Branches:
Dungeon (4/15)             Temple (0/1) D:4

Altars:
Fedhas
Trog


Innate Abilities, Weirdness & Mutations

You are resistant to torment.
Your stone body is resilient. (AC +4)
You are immune to poison.
You resist negative energy. (rN+)
You are resistant to electric shocks. (rElec)
You can survive without breathing.
You are immune to petrification.
You are immune to rotting.


Message History

The gnoll shaman hits you with a +0 club.
The gnoll barely misses you.
You closely miss the gnoll shaman.
The gnoll shaman is almost dead.
The gnoll is no longer moving quickly.
You block the gnoll's attack. The gnoll hits you but does no damage.
The gnoll shaman mumbles some strange prayers to its god against you.
You resist with some effort. You block the gnoll's attack.
You closely miss the gnoll shaman.
The gnoll shaman is almost dead.
The gnoll hits you from afar with a +4 vampiric halberd.
* * * LOW HITPOINT WARNING * * *
The gnoll shaman mumbles some strange prayers to its god.
The gnoll shaman is healed somewhat.
The gnoll barely misses you.
The gnoll hits you from afar with a +4 vampiric halberd.
* * * LOW HITPOINT WARNING * * *
You barely miss the gnoll shaman.
The gnoll shaman is severely wounded.
The gnoll hits you from afar with a +4 vampiric halberd!
You die...

####.÷..###...##
##.##........#..##
#................#
##..#.#..#...##...#
....##....#.#..#..#
...###.#..#....#..#
...##...##....#...#
..###......>......#
....#...#....##.@##
#.#....#....#g.#g#
###....#..#.#..g.#
. .##..##...#..##
##........##
###.#...##
.##...#..####
............###
#.............####


You could see a gnoll shaman and 2 gnolls.

Vanquished Creatures
  An eye of draining (D:3)
  2 orc wizards
  2 orc priests (D:2)
  Jessica (D:2)
  4 gnolls
  4 adders
  2 oozes (D:1)
  An adder zombie (D:3)
  4 worms
  A dart slug (D:4)
  12 orcs
  13 bats
  4 giant cockroaches
  6 goblins
  10 hobgoblins
  4 jackals
  8 kobolds
  A quokka (D:3)
  2 frilled lizards
  2 quokka skeletons (D:4)
  A rat (D:1)
  4 bushes
  10 fungi (D:1)
  6 plants
105 creatures vanquished.

Vanquished Creatures (others)
  3 bushes (D:3)
  2 plants (D:3)
5 creatures vanquished.

Grand Total: 110 creatures vanquished

Notes
Turn   | Place    | Note
-------+----------+-------------------------------------------
     0 | D:1      | MikeRotch the Gargoyle Fighter began the quest for the Orb.
     0 | D:1      | Reached XP level 1. HP: 14/14 MP: 1/1
   847 | D:1      | Reached XP level 2. HP: 19/19 MP: 2/2
  1219 | D:1      | Reached XP level 3. HP: 23/23 MP: 3/3
  1893 | D:2      | Noticed Jessica
  1921 | D:2      | Killed Jessica
  1921 | D:2      | Reached XP level 4. HP: 27/29 MP: 4/4
  2399 | D:2      | Reached skill level 1 in Dodging
  2435 | D:2      | Reached XP level 5. HP: 33/33 MP: 5/5
  2852 | D:2      | Found a blossoming altar of Fedhas.
  4088 | D:3      | Found a faded altar of an unknown god.
  4871 | D:3      | Reached XP level 6. HP: 38/38 MP: 6/6
  5361 | D:3      | Found a bloodstained altar of Trog.
  5362 | D:3      | Noticed an eye of draining
  5388 | D:3      | Killed an eye of draining
  5412 | D:3      | Became a worshipper of Trog the Wrathful
  6216 | D:4      | Found a staircase to the Ecumenical Temple.
  6344 | D:4      | Mangled by a gnoll

Skill      XL: |  1  2  3  4  5  6 |
---------------+-------------------+-----
Fighting       | 4 |  4.4
Maces & Flails | 3 4 |  4.4
Dodging        | 1 |  1.6
Shields        | 4 |  4.8
Armour         | 4 |  4.3
Stealth        | |  0.6

Action                   |  1- 3 |  4- 6 || total
-------------------------+-------+-------++-------
Melee: Flail             |   338 |   569 ||   907
  Use: Scroll            |       |     1 ||     1
  Eat: Chunk             |     3 |       ||     3
       Ration            |     1 |     4 ||     5
Armor: Scale mail        |    73 |   171 ||   244
Dodge: Dodged            |    36 |   130 ||   166
Block: Shield            |    94 |   191 ||   285
